 Dungeon Crawl Stone Soup version 0.30-a0-279-g4b46babb21 (webtiles) character file.

Game seed: 1954763874376313375

83483 AarnesTheHuman the Warrior (level 16, -25/139 HPs)
             Began as a Formicid Fighter on Oct 16, 2022.
             Was the Champion of Wu Jian.
             Annihilated by a minotaur
             ... wielding the +9 morningstar of Qumouclupsen {vorpal, rN+ Str+3 Int+3 Dex-2}
              (38 damage)
             ... in a Gauntlet.
             The game lasted 01:24:09 (29888 turns).

AarnesTheHuman the Warrior (Formicid Fighter)      Turns: 29888, Time: 01:24:10

Health: -25/139    AC: 19    Str: 33    XL:     16   Next: 24%
Magic:  0/16       EV: 10    Int: 12    God:    Wu Jian [******]
Gold:   2150       SH: 15    Dex: 15    Spells: 15/15 levels left

rFire   + + .      SeeInvis +    a - +6 lajatang (vamp)
rCold   + + +      Faith    .    x - +3 kite shield
rNeg    . . .      Spirit   +    V - +4 chain mail of the Dice {rC+ Str+2}
rPois   .          Reflect  .    (helmet unavailable)
rElec   +          Harm     .    Z - scarf {repulsion}
rCorr   .          Rampage  .    U - +0 pair of gloves
Will    +....                    K - +1 pair of boots of the Barber Surgeon {-Tele rElec rF+ rC++}
Stlth   ..........               T - amulet of guardian spirit
HPRegen 0.43/turn                H - ring of protection from fire
MPRegen 0.15/turn                W - ring of Okotimic {Str+6 Int+2}

@: studying Unarmed Combat, invisible, repel missiles, serpent's lash
A: permanent stasis, dig shafts and tunnels, antennae 3, four strong arms
a: Dig, Renounce Religion, Wall Jump, Serpent's Lash, Heavenly Storm


You were in a Gauntlet.
You worshipped Wu Jian.
Wu Jian was exalted by your worship.
You visited 3 branches of the dungeon, and saw 20 of its levels.
You also visited: Ossuary, Bailey and Gauntlet.

You collected 2511 gold pieces.
You spent 361 gold pieces at shops.

Inventory:

Hand Weapons
 a - a +6 vampiric lajatang (weapon)
 b - the +6 sling of Siahu {vorpal, rPois SInv Stlth-}
   (You took it off a kobold on level 6 of the Dungeon)

   Any ammunition fired from it inflicts extra damage upon your enemies.
   rPois:     It protects you from poison.
   SInv:      It lets you see invisible.
   Stlth:     It makes you less stealthy.
 c - a +4 antimagic spear
 F - the +4 dagger "Lelofaiz" {spect, rCorr}
   (You found it on level 5 of the Dungeon)

   When its wielder attacks, the weapon's spirit leaps out and strikes again.
   The spirit shares a part of any damage it takes with its wielder.
   rCorr:     It protects you from acid and corrosion.
 J - the +5 hammer of the Piercing Gods {drain, rF++ SInv}
   (You found it on level 7 of the Dungeon)

   A truly terrible weapon, it drains the life of any living foe it strikes.
   rF:        It greatly protects you from fire.
   SInv:      It lets you see invisible.
 P - a +2 vampiric quarterstaff
Missiles
 e - 198 stones (quivered)
 h - 37 poisoned darts
 j - 7 boomerangs
 S - 4 curare-tipped darts
Armour
 k - the +5 ring mail of Nogresch {rF- Str+3 Dex+4}
   (You found it on level 5 of the Dungeon)

   Str:       It affects your strength (+3).
   Dex:       It affects your dexterity (+4).
   rF:        It makes you vulnerable to fire.
 x - a +3 kite shield (worn)
 A - a +1 cloak
 K - the +1 pair of boots of the Barber Surgeon (worn) {-Tele rElec rF+ rC++}
   (You bought it in a shop on level 5 of the Dungeon)

   rF:        It protects you from fire.
   rC:        It greatly protects you from cold.
   rElec:     It insulates you from electricity.
   -Tele:     It prevents most forms of teleportation.
 R - a +2 ring mail of willpower
 U - a +0 pair of gloves (worn)
 V - the +4 chain mail of the Dice (worn) {rC+ Str+2}
   (You found it in a Gauntlet)

   Str:       It affects your strength (+2).
   rC:        It protects you from cold.
 Z - a scarf of repulsion (worn)
Jewellery
 s - a ring of fire
 u - an amulet of magic regeneration
 H - a ring of protection from fire (left hand)
 N - a ring of positive energy
 T - an amulet of guardian spirit (around neck)
 W - the ring of Okotimic (right hand) {Str+6 Int+2}
   (You found it in a Gauntlet)

   [ring of strength]

   Str:       It affects your strength (+6).
   Int:       It affects your intelligence (+2).
 Y - a +6 ring of intelligence
Wands
 r - a wand of polymorph (25)
 v - a wand of flame (10)
 w - a wand of mindburst (4)
 B - a wand of light (4)
 D - a wand of digging (5)
 E - a wand of roots (14)
 L - a wand of charming (2)
Scrolls
 f - 4 scrolls of fear
 g - 2 scrolls of poison
 n - 8 scrolls of identify
 y - 2 scrolls of immolation
 C - 2 scrolls of magic mapping
 O - a scroll of amnesia
 Q - 2 scrolls of summoning
Potions
 d - 4 potions of might
 i - 3 potions of magic
 l - a potion of cancellation
 m - 8 potions of brilliance
 o - a potion of mutation
 p - 13 potions of curing
 q - 5 potions of heal wounds
 t - 4 potions of lignification
 z - a potion of flight
 G - a potion of resistance
 I - 11 potions of ambrosia
 M - 3 potions of invisibility
Miscellaneous
 X - a condenser vane


   Skills:
 + Level 16.5 Fighting
 - Level 1.3 Short Blades
 - Level 14.0 Staves
 - Level 14.0 Ranged Weapons
 - Level 9.0 Armour
 - Level 5.0 Dodging
 - Level 11.0 Shields


You had 15 spell levels left.
You didn't know any spells.
Your spell library contained the following spells:

 Spells                   Type           Power      Damage    Failure   Level
 Beastly Appendage        Tmut           0%         N/A       91%         1
 Foxfire                  Conj/Fire      0%         2x1d4     91%         1
 Kiss of Death            Conj/Necr      0%         2d5       91%         1
 Magic Dart               Conj           0%         1d3       91%         1
 Slow                     Hex            0%         N/A       91%         1
 Call Imp                 Summ           0%         N/A       97%         2
 Ensorcelled Hibernation  Hex/Ice        0%         N/A       97%         2
 Static Discharge         Conj/Air       0%         2-2/arc   97%         2
 Sublimation of Blood     Necr           0%         N/A       97%         2
 Wereblood                Tmut           0%         N/A       97%         2
 Confusing Touch          Hex            0%         N/A       100%        3
 Mephitic Cloud           Conj/Pois/Air  0%         N/A       100%        3
 Spider Form              Tmut/Pois      0%         N/A       100%        3
 Summon Guardian Golem    Hex/Summ       0%         N/A       100%        3
 Tukima's Dance           Hex            0%         N/A       100%        3
 Vampiric Draining        Necr           0%         2d6       100%        3
 Vhi's Electric Charge    Tloc/Air       0%         N/A       100%        3
 Anguish                  Hex/Necr       0%         N/A       100%        4
 Passage of Golubria      Tloc           0%         N/A       100%        4
 Petrify                  Tmut/Erth      0%         N/A       100%        4
 Alistair's Intoxication  Tmut/Pois      0%         N/A       100%        5
 Arcjolt                  Conj/Air       0%         1d10      100%        5
 Borgnjor's Vile Clutch   Necr/Erth      0%         N/A       100%        5
 Irradiate                Conj/Tmut      0%         3d11      100%        5
 Lightning Bolt           Conj/Air       0%         1d11      100%        5
 Metabolic Englaciation   Hex/Ice        0%         N/A       100%        5
 Yara's Violent Unravell  Hex/Tmut       0%         3d3       100%        5
 Eringya's Noxious Bog    Tmut/Pois      0%         N/A       100%        6
 Statue Form              Tmut/Erth      0%         N/A       100%        6
 Orb of Destruction       Conj           0%         9d5       100%        7
 Spellforged Servitor     Conj/Summ      0%         N/A       100%        7
 Chain Lightning          Conj/Air       0%         N/A       100%        9


Dungeon Overview and Level Annotations

Branches:
Dungeon (13/15)            Temple (0/1) D:4            Lair (5/5) D:11
 Shoals (0/4) Lair:3       Spider (0/4) Lair:3        Slime (0/5) Lair:5
    Orc (2/2) D:11        Ossuary (visited)          Bailey (visited)
Gauntlet (1/1)
    Elf: Orc:2       Vaults: D:13-14

Altars:
Ashenzari
Cheibriados
Dithmenos
Elyvilon
Gozag
Hepliaklqana
Makhleb
Nemelex Xobeh
Okawaru
Qazlal
Ru
Trog
Vehumet
Wu Jian
Jiyva

Shops:
D:5 [(?

Portals:
Trove: D:13 (give 11 potions of heal wounds)

Annotations:
D:5 exclusion: downstairs
D:7 1 runed translucent door, Crazy Yiuf
D:9 exclusion: downstairs
Lair:3 exclusion: downstairs
Lair:4 exclusion: 2 downstairs Gauntlet 8 transporters, exclusion: obsidian statue


Innate Abilities, Weirdness & Mutations

You cannot be hasted, slowed, berserked, paralysed or teleported.
You can dig through walls and to a lower floor.
You have a pair of large antennae on your head. (SInv)
Your four strong arms can wield two-handed weapons with a shield.


Message History

The minotaur is lightly wounded.
The minotaur drinks a potion.
The minotaur goes berserk!
You block the minotaur's attack. The minotaur gores you.
You block the minotaur's attack. The minotaur gores you.
You block the minotaur's attack. x2
The minotaur rages.
The minotaur hits you with the +9 morningstar of Qumouclupsen {vorpal, rN+ Str+3 Int+3 Dex-2}!!!
The minotaur closely misses you.
Okay, then.
Unknown command.
Unknown command.
Unknown command.
Okay, then.
Unknown command.
Unknown command.
Okay, then.
Unknown command.
Unknown command.
Unknown command.
Press: ? - help, v - describe, . - travel
Here: a minotaur, wielding the +9 morningstar of Qumouclupsen {vorpal, rN+ Str+3 Int+3 Dex-2}, wearing a +3 chain mail of willpower and quivering javelins (berserk, unable to see you)
The floor, spattered with blood.
Unknown command.
Unknown command.
Unknown command.
You feel much better.
The minotaur hits you with the +9 morningstar of Qumouclupsen {vorpal, rN+ Str+3 Int+3 Dex-2}!!!
* * * LOW HITPOINT WARNING * * *
x2 The minotaur gores you.
* * * LOW HITPOINT WARNING * * *
Your muscles tense, ready for explosive movement...
You strike the helpless minotaur from behind!
You slash the minotaur!
The minotaur is lightly wounded.
You block the minotaur's attack. x3; The minotaur gores you.
* * * LOW HITPOINT WARNING * * *
You slash the minotaur!
The minotaur is moderately wounded.
The minotaur hits you with the +9 morningstar of Qumouclupsen {vorpal, rN+ Str+3 Int+3 Dex-2}!!!
You die...

###8.#8.8#.8### #....#...#....#
#.#..#8.8#..#.# #.#..##'##..#.#
#.............# #.#.##.#.##.#.#
#.#....#....#.# #.#.#######.#.#
#........@H...# ##...©.©.©...##
##########.........############
#≈#≈#≈#≈#############≈#≈#§#≈#≈###
............8.∩.8.............§§#
...............................##
#########.#########.#########..≈#
#.X.©!#.#.#...#.#©#.#8.!©"!.#..##
#.##[[#.#.#.#.#.=##.#.#####P#..≈#


You could see a minotaur (berserk, unable to see you) and an obsidian statue.

Vanquished Creatures
  Kirke (Lair:3)
  A fire dragon (Lair:5)
  2 hydras
  Erica (D:9)
  4 boulder beetles
  3 two-headed ogres
  2 centaur warriors (D:13)
  3 death yaks (Lair:5)
  An orc high priest (Orc:2)
  Amaemon (Lair:1)
  A goliath frog (Lair:5)
  2 lindwurms (Lair:5)
  Pikel (D:5)
  A wizard (D:9)
  An orb spider (Lair:3)
  2 orc knights
  A deep elf pyromancer (D:13)
  3 ugly things
  A wolf spider (Gauntlet)
  2 cyclopes
  3 manticores (D:12)
  A will-o-the-wisp (D:13)
  3 black mambas
  Joseph (D:9)
  A moth of wrath (Gauntlet)
  8 elephants
  Maurice (D:9)
  21 cane toads
  A gargoyle (D:13)
  An orange demon (Lair:1)
  An unseen horror (D:10)
  9 rime drakes
  3 kobold demonologists
  Psyche (D:9)
  13 komodo dragons
  8 trolls
  3 tyrant leeches (Lair:5)
  A hornet (D:10)
  3 meliai
  A queen bee (Lair:5)
  Grinder (D:5)
  22 blink frogs
  A snapping turtle (Lair:3)
  11 shadows
  3 wraiths
  56 yaks
  2 vampires (D:11)
  Grum (D:11)
  3 basilisks
  6 hogs (Lair:3)
  6 steam dragons
  4 redbacks (Gauntlet)
  11 vampire mosquitoes
  3 wargs
  4 acid dragons
  Duvessa (D:7)
  10 water moccasins
  2 ice beasts (D:7)
  2 black bears (D:6)
  2 swamp drakes (D:13)
  21 orc warriors
  A sky beast (D:7)
  4 ogres
  7 centaurs
  4 wolves (D:11)
  3 kobold brigands
  23 bullfrogs
  3 necrophages (D:7)
  2 gnoll sergeants
  10 scorpions
  3 wights (D:7)
  Dowan (D:7)
  21 killer bees
  2 electric eels (Lair:5)
  9 howler monkeys
  A crimson imp (D:9)
  A human zombie (Ossuary)
  3 centaur zombies (Ossuary)
  5 hounds
  6 orc priests
  2 gnoll boudas
  4 iguanas
  Ijyb (D:3)
  14 orc wizards
  6 scorpion zombies (Ossuary)
  Terence (D:2)
  A statue (D:7)
  4 mummies
  23 gnolls
  10 adders
  3 shadow imps
  2 white imps
  A worm (D:2)
  2 dart slugs
  64 orcs
  5 bats
  5 endoplasms
  2 giant cockroaches (D:1)
  3 gnoll zombies (Ossuary)
  8 goblins
  7 hobgoblins
  6 jackals
  3 quokkas
  10 ball pythons
  6 frilled lizards
  3 goblin zombies (Ossuary)
  A hobgoblin zombie (Ossuary)
  16 kobolds
  2 orc zombies (Ossuary)
  7 rats
621 creatures vanquished.

Vanquished Creatures (collateral kills)
  An adder (D:4)
  2 giant cockroaches (D:4)
3 creatures vanquished.

Vanquished Creatures (others)
  A rime drake (Lair:5)
  3 killer bees (D:9)
  An orc (D:9)
  6 foxfires (D:13)
  34 fungi
  123 plants
168 creatures vanquished.

Grand Total: 792 creatures vanquished

Notes
Turn   | Place    | Note
-------+----------+-------------------------------------------
     0 | D:1      | AarnesTheHuman the Formicid Fighter began the quest for the
                  | Orb.
     0 | D:1      | Reached XP level 1. HP: 18/18 MP: 1/1
    99 | D:1      | Reached XP level 2. HP: 24/24 MP: 2/2
   313 | D:1      | Reached XP level 3. HP: 24/29 MP: 3/3
   887 | D:2      | Reached skill level 5 in Shields
   914 | D:2      | Noticed Terence
   924 | D:2      | Killed Terence
   925 | D:2      | Reached XP level 4. HP: 27/35 MP: 4/4
  1263 | D:2      | Reached XP level 5. HP: 40/41 MP: 5/5
  1285 | D:2      | Found a faded altar of an unknown god.
  1828 | D:3      | Noticed Ijyb
  2005 | D:3      | Found an ornate altar of the Wu Jian Council.
  2014 | D:3      | Became a worshipper of the Wu Jian Council
  2117 | D:3      | Killed Ijyb
  2127 | D:3      | Reached XP level 6. HP: 8/45 MP: 6/6
  2630 | D:3      | Reached skill level 5 in Staves
  2703 | D:3      | Found a sacrificial altar of Ru.
  2763 | D:4      | Found a snail-covered altar of Cheibriados.
  2866 | D:4      | Found a sand-covered staircase.
  2875 | Ossuary  | Entered an ossuary
  3022 | Ossuary  | Reached * piety under Wu Jian
  3023 | Ossuary  | Reached XP level 7. HP: 47/52 MP: 7/7
  3457 | Ossuary  | Reached XP level 8. HP: 39/58 MP: 8/8
  3701 | Ossuary  | Reached skill level 4 in Fighting
  4095 | D:4      | Reached ** piety under Wu Jian
  4122 | D:4      | Found a staircase to the Ecumenical Temple.
  4407 | D:5      | Entered Level 5 of the Dungeon
  4422 | D:5      | Noticed Pikel
  4443 | D:5      | Killed Pikel
  4444 | D:5      | Reached skill level 5 in Fighting
  4444 | D:5      | Reached skill level 5 in Armour
  4444 | D:5      | Reached XP level 9. HP: 37/69 MP: 9/9
  4611 | D:5      | Reached skill level 6 in Fighting
  4652 | D:5      | Found Giasucid's Magic Scroll Shop.
  4657 | D:5      | Bought a scroll of identify for 24 gold pieces
  4657 | D:5      | Bought a scroll of identify for 24 gold pieces
  4713 | D:5      | Noticed Grinder
  4722 | D:5      | Killed Grinder
  4832 | D:5      | Identified the +5 ring mail of Nogresch {rF- Str+3 Dex+4}
  5024 | D:5      | Found Tecvanot's Antique Armour Shop.
  5222 | D:5      | Found Ixaan's Weapon Boutique.
  5235 | D:5      | Reached skill level 7 in Fighting
  5304 | D:5      | Identified the +4 dagger "Lelofaiz" {spect, rCorr}
  5524 | D:6      | Reached skill level 1 in Ranged Weapons
  5524 | D:6      | Reached skill level 1 in Dodging
  6147 | D:6      | Reached XP level 10. HP: 67/80 MP: 10/10
  6272 | D:6      | Identified the +6 sling of Siahu {vorpal, rPois SInv
                  | Stlth-}
  6620 | D:7      | Found a hazy altar of Hepliaklqana.
  6643 | D:7      | Found a white marble altar of Elyvilon.
  7047 | D:7      | Reached *** piety under Wu Jian
  7079 | D:7      | Reached skill level 5 in Ranged Weapons
  7208 | D:7      | Reached skill level 8 in Fighting
  7416 | D:7      | Noticed Dowan
  7418 | D:7      | Noticed Duvessa
  7425 | D:7      | Killed Duvessa
  7428 | D:7      | Killed Dowan
  7463 | D:7      | Found a shadowy altar of Dithmenos.
  7653 | D:7      | Found a sparkling altar of Nemelex Xobeh.
  7880 | D:7      | Found a radiant altar of Vehumet.
  8011 | D:7      | Identified the +5 hammer of the Piercing Gods {drain, rF++
                  | SInv}
  8014 | D:7      | Found a runed translucent door.
  8015 | D:7      | Noticed Crazy Yiuf
  8162 | D:7      | Identified the +0 robe of the Centipede {rElec Int+6}
  8623 | D:5      | Bought a pair of warped boots for 313 gold pieces
  8623 | D:5      | Identified the +1 pair of boots of the Barber Surgeon
                  | {-Tele rElec rF+ rC++} (You bought it in a shop on level 5
                  | of the Dungeon)
  9077 | D:8      | Found an iron altar of Okawaru.
  9584 | D:8      | Got the Anthology of Conflict
  9860 | D:8      | Found a burning altar of Makhleb.
  9861 | D:8      | Found an opulent altar of Gozag.
  9927 | D:8      | Reached skill level 9 in Fighting
 10041 | D:8      | Reached XP level 11. HP: 89/89 MP: 11/11
 10750 | D:9      | Reached skill level 5 in Dodging
 10753 | D:9      | Reached **** piety under Wu Jian
 10929 | D:9      | Found a broken altar of Ashenzari.
 10964 | D:9      | Noticed a wizard
 10982 | D:9      | Killed a wizard
 11007 | D:9      | Found a stormy altar of Qazlal.
 11019 | D:9      | Noticed Psyche
 11091 | D:8      | Reached skill level 10 in Fighting
 11296 | D:9      | Noticed Erica
 11312 | D:9      | Killed Erica
 11316 | D:9      | Noticed Joseph
 11331 | D:9      | Killed Joseph
 11348 | D:9      | Found a flagged portal.
 11357 | Bailey   | Entered a bailey
 12554 | D:9      | Identified the +0 ring mail of Miracles {rPois Stlth+}
 12570 | D:9      | Acquired a +1 vampiric lajatang
 12695 | D:9      | Noticed Maurice
 12738 | D:9      | Killed Maurice
 12982 | D:9      | Killed Psyche
 13066 | D:10     | Entered Level 10 of the Dungeon
 13103 | D:10     | Reached XP level 12. HP: 85/98 MP: 12/12
 13153 | D:10     | Identified the +1 leather armour of Yfyadd {Harm +Inv rC-
                  | Dex+4}
 13267 | D:10     | Reached ***** piety under Wu Jian
 13268 | D:10     | Reached skill level 10 in Staves
 13615 | D:10     | Noticed a two-headed ogre
 14368 | D:10     | Killed a two-headed ogre
 14369 | D:10     | Reached skill level 1 in Short Blades
 14386 | D:10     | Found a bloodstained altar of Trog.
 14723 | D:11     | Found a staircase to the Orcish Mines.
 14783 | D:11     | Noticed Grum
 14791 | D:11     | Killed Grum
 14926 | D:11     | Noticed a boulder beetle
 14947 | D:11     | Killed a boulder beetle
 14948 | D:11     | Reached skill level 11 in Fighting
 15444 | D:11     | Found a staircase to the Lair.
 15797 | Lair:1   | Entered Level 1 of the Lair of Beasts
 15825 | Lair:1   | Reached skill level 10 in Shields
 15941 | Lair:1   | Noticed Amaemon
 15942 | Lair:1   | Reached XP level 13. HP: 106/106 MP: 13/13
 15952 | Lair:1   | Killed Amaemon
 16207 | Lair:1   | Reached XP level 14. HP: 112/113 MP: 14/14
 17135 | Lair:2   | Reached skill level 12 in Fighting
 17724 | Lair:3   | Noticed Kirke
 17760 | Lair:3   | Killed Kirke
 18022 | Lair:3   | Found a hole to the Spider Nest.
 18355 | Lair:3   | Found a staircase to the Shoals.
 20958 | Lair:5   | Entered Level 5 of the Lair of Beasts
 21377 | Lair:4   | Reached skill level 13 in Fighting
 21422 | Lair:4   | Reached XP level 15. HP: 123/123 MP: 15/15
 21937 | Lair:5   | Found a staircase to the Slime Pits.
 21937 | Lair:5   | Found a viscous altar of Jiyva.
 23766 | Lair:5   | Reached ****** piety under Wu Jian
 25212 | Lair:5   | Reached skill level 14 in Fighting
 27474 | D:13     | Reached skill level 15 in Fighting
 28272 | D:13     | Found a portal to a secret trove of treasure.
 28341 | D:13     | Reached XP level 16. HP: 108/136 MP: 12/16
 28685 | Orc:1    | Entered Level 1 of the Orcish Mines
 29193 | Orc:2    | Entered Level 2 of the Orcish Mines
 29255 | Orc:2    | Reached skill level 16 in Fighting
 29367 | Orc:2    | Found a gate leading to a gauntlet.
 29376 | Gauntlet | Entered a Gauntlet
 29376 | Gauntlet | Found a transporter.
 29376 | Gauntlet | Found a transporter.
 29376 | Gauntlet | Found a runed translucent door.
 29377 | Gauntlet | Found a runed translucent door.
 29379 | Gauntlet | Found a transporter.
 29379 | Gauntlet | Found a transporter.
 29379 | Gauntlet | Found the dreamshard necklace {*Dream Drain}
 29409 | Gauntlet | Found a transporter.
 29409 | Gauntlet | Found a transporter.
 29411 | Gauntlet | Found a transporter.
 29411 | Gauntlet | Found a transporter.
 29423 | Gauntlet | Found a transporter.
 29436 | Gauntlet | Found a transporter.
 29449 | Gauntlet | Found a transporter.
 29466 | Gauntlet | Found a transporter.
 29483 | Gauntlet | Found a transporter.
 29496 | Gauntlet | Found a transporter.
 29561 | Gauntlet | Identified the +4 chain mail of the Dice {rC+ Str+2}
 29780 | Gauntlet | Identified the ring of Okotimic {Str+6 Int+2}
 29868 | Gauntlet | Found the +4 Cigotuvi's embrace {rMiasma Drain rN+}
 29868 | Gauntlet | Identified the +9 morningstar of Qumouclupsen {vorpal, rN+
                  | Str+3 Int+3 Dex-2}
 29888 | Gauntlet | Annihilated by a minotaur

Illustrated notes

Levels and vault maps discovered:
D:1:      co_arrival_random_square_maze, layout_loops_ring, hangedman_decor_push
D:2:      layout_basic, hellmonk_ecumenical_altar_leap_of_faith, uniq_terence
D:3:      layout_basic, nzn_wu_jian_contemplation, nicolae_ru_path_of_blood,
          uniq_ijyb
D:4:      layout_cave_pools, kennysheep_little_box,
          nicolae_overflow_hidden_temple, minmay_temple_entry_sparse_star,
          gup_ossuary_entry_pyramid
D:5:      layout_basic, serial_glass, glass_columns_a, glass_columns_a,
          minmay_strange_pillars, serial_shops, kennysheep_mini_moat,
          nicolae_diamond_shop, nicolae_shop_crystal, uniq_grinder, uniq_pikel
D:6:      layout_cave_pools, hangedman_decor_opposing, minmay_chambers_of_fives
D:7:      minmay_inner_zag, layout_basic, general_overflow_altar,
          mainiacjoe_overflow_small_starburst, vehumet_statue,
          mainiacjoe_overflow_tiny_flanked, nemelex_xobeh_ov_fountains_minmay,
          uniq_duvessa, uniq_crazy_yiuf_cottage
D:8:      layout_basic, gammafunk_temple_overflow_statue,
          mainiacjoe_overflow_paths
D:9:      layout_basic, nicolae_qazlal_general_emergency,
          ashenzari_conservatory_becter, enter_bailey_2, lightli_wizard_tower,
          uniq_erica, uniq_maurice, uniq_psyche, uniq_joseph
D:10:     layout_basic, amcnicky_altar_gilded, serial_curves, eino_curves_04,
          eino_curves_03, minmay_strange_pillars
D:11:     layout_basic, david_lair_shrubbed, orc_0_dummy,
          hangedman_abyss_or_decor_stabs, uniq_grum
D:12:     layout_basic
D:13:     layout_basic, enter_trove_1, pond
Lair:1:   wander_river, layout_chaotic_city, uniq_amaemon
Lair:2:   layout_gridlike
Lair:3:   layout_regular_city, minmay_shoals_entry_hut,
          nicolae_spider_entry_orb_guardian, grunt_megastairs_1,
          serial_bayou_shore_b, uniq_kirke
Lair:4:   layout_long_grid
Lair:5:   minmay_lair_end_frog_pond, layout_long_grid, slime_entry_1,
          special_room [special_room_bee], bobbens_dragon_lair_wall,
          serial_bayou_shore_a
Orc:1:    gammafunk_beogh_shrine, layout_diamond_mine, elf_legates
Orc:2:    st_orc_elflike, layout_diamond_mine, gauntlet_entry_generic,
          serial_shops, nicolae_square_shop
Gauntlet: gammafunk_gauntlet_mixed_choke_point
          [minmay_gauntlet_arena_77_cramped,
          minmay_gauntlet_arena_77_broken_ladder,
          minmay_gauntlet_arena_77_checkered, gammafunk_gauntlet_arena_teeth,
          minmay_gauntlet_arena_77_two_paths,
          minmay_gauntlet_arena_77_radiant_squares,
          minmay_gauntlet_arena_77_squiggly,
          nicolae_gauntlet_exit_dead_adventurers]

Skill      XL: |  1  2  3  4  5  6  7  8  9 10 11 12 13 14 15 16 |
---------------+-------------------------------------------------+-----
Staves         | 3 4 5 7 8 9 12 13 14 | 14.0
Shields        | 5 6 7 8 10 11 | 11.0
Fighting       | 5 7 9 10 11 13 15 16 | 16.5
Armour         | 5 6 9 |  9.0
Ranged Weapons | 2 6 8 11 12 14 | 14.0
Dodging        | 2 4 5 |  5.0
Short Blades   | 1 |  1.3

Action                   |  1- 3 |  4- 6 |  7- 9 | 10-12 | 13-15 | 16-18 || total
-------------------------+-------+-------+-------+-------+-------+-------++-------
Melee: Quarterstaff      |    79 |   180 |   331 |   574 |    13 |       ||  1177
       Spear             |       |       |       |    35 |       |       ||    35
       Lajatang          |       |       |       |   209 |   764 |   186 ||  1159
       Unarmed           |       |       |       |     6 |       |       ||     6
 Fire: Sling             |       |       |       |   125 |   530 |    41 ||   696
Throw: Boomerang         |     5 |    23 |    19 |       |       |       ||    47
       Dart              |       |       |       |     1 |     2 |       ||     3
       Stone             |       |       |       |     5 |       |       ||     5
Invok: Lunge             |       |     7 |    10 |    51 |    27 |     7 ||   102
       Whirlwind         |       |       |    17 |   140 |   277 |    89 ||   523
       Serpent's Lash    |       |       |       |     1 |     1 |     1 ||     3
 Abil: Dig               |       |       |       |       |     3 |       ||     3
Evoke: Wand              |       |       |     3 |     5 |       |       ||     8
  Use: Scroll            |       |     5 |    13 |    16 |     7 |     1 ||    42
       Potion            |       |       |     3 |     7 |       |     6 ||    16
 Stab: Distracted        |       |       |       |       |     1 |       ||     1
       Invisible         |       |       |       |       |       |     1 ||     1
Armor: Scale mail        |    24 |    64 |   100 |    19 |       |       ||   207
       Chain mail        |       |       |       |   144 |       |    12 ||   156
       Leather armour    |       |       |       |    31 |   128 |       ||   159
       Ring mail         |       |       |       |       |    53 |    19 ||    72
Dodge: Dodged            |    38 |    80 |    91 |   295 |   250 |    46 ||   800
Block: Buckler           |    12 |    61 |    25 |       |       |       ||    98
       Kite shield       |       |       |    79 |   515 |   563 |   131 ||  1288

Table legend: (Time is in decaauts)
 A = Elapsed time spent in this place.
 B = Non-inter-level travel time spent in this place.
 C = Inter-level travel time spent in this place.
 D = Time resting spent in this place.
 E = Time spent auto-exploring this place.
 F = Levels seen in this place.
 G = Mean time per level.
                   A        B        C        D        E       F      G
               +--------+--------+--------+--------+--------+-----+--------+
         Total |  29774 |  27894 |   1880 |   9521 |  12084 |  23 | 1294.5 |
       Dungeon |  16456 |  15155 |   1301 |   3345 |   8538 |  13 | 1265.8 |
          Lair |  10032 |   9480 |    552 |   4604 |   3185 |   5 | 2006.4 |
  Orcish Mines |    672 |    645 |     27 |    200 |    182 |   2 |  336.0 |
       Ossuary |   1009 |   1009 |      0 |    537 |      4 |   1 | 1009.0 |
        Bailey |   1099 |   1099 |      0 |    686 |     52 |   1 | 1099.0 |
      Gauntlet |    503 |    503 |      0 |    148 |    122 |   1 |  503.0 |
               +--------+--------+--------+--------+--------+-----+--------+

Top non-repeatable levels by time:
  Lair:5: 4085 daAuts
     D:7: 2395 daAuts
  Lair:3: 2232 daAuts
  Lair:4: 1801 daAuts
     D:8: 1738 daAuts
    D:11: 1386 daAuts
    D:13: 1378 daAuts
     D:5: 1339 daAuts
    D:12: 1288 daAuts
     D:9: 1284 daAuts
  Lair:1: 1149 daAuts
     D:6: 1138 daAuts
     D:2: 1126 daAuts
  Bailey: 1099 daAuts
    D:10: 1061 daAuts
